 Dungeon Crawl Stone Soup version 0.29-a0-823-gc37b1572da (webtiles) character file.

Game seed: 11725212686132419972

842 zeratav the Changer (level 8, -2/52 HPs)
             Began as an Octopode Transmuter on July 8, 2022.
             Was an Initiate of Gozag.
             Splashed by a jelly's acid (9 damage)
             ... on level 5 of the Dungeon.
             The game lasted 00:12:41 (6445 turns).

zeratav the Changer (Octopode Transmuter)           Turns: 6445, Time: 00:12:42

Health: -2/52      AC:  2    Str:  9    XL:     8   Next: 0%
Magic:  8/11       EV: 22    Int: 18    God:    Gozag
Gold:   254        SH:  0    Dex: 23    Spells: 7/11 levels left

rFire   . . .      SeeInvis .     - Unarmed
rCold   . . .      Faith    .   (shield currently unavailable)
rNeg    . . .      Spirit   .   (helmet currently unavailable)
rPois   .          Reflect  .   (no amulet)
rElec   .          Harm     .   p - ring of poison resistance
rCorr   .          Rampage  .   r - +6 ring of dexterity
Will    .....                   (no ring)
Stlth   +++.......              (no ring)
HPRegen 0.17/turn               (no ring)
MPRegen 0.12/turn               (no ring)
                                (no ring)
                                (no ring)

@: spider-form (expiring), gold aura
A: venomous fangs, almost no armour, (amphibious), 8 rings, tiny, (camouflage
1), (gelatinous body 1), (nimble swimmer 1), (tentacles)
a: End Transformation, Renounce Religion, Potion Petition, Call Merchant, Bribe
Branch


You were on level 5 of the Dungeon.
You worshipped Gozag.
Gozag was aware of your devotion.
You were a venomous arachnid creature.
You visited 2 branches of the dungeon, and saw 6 of its levels.

You collected 351 gold pieces.
You paid 97 gold pieces to Gozag.


Innate Abilities, Weirdness & Mutations

You are a venomous arachnid creature.
You have poisonous fangs.
You are tiny and dextrous.
Your spellcasting is less reliable in this form.
Your armour is entirely melded.
You are incapable of wielding weapons or throwing items.
You cannot wear most types of armour.
((You are amphibious.))
You can wear up to eight rings at the same time.
((Your skin changes colour to match your surroundings (Stealth+).))
((Your rubbery body absorbs attacks. (AC +1, EV +1)))
((You are camouflaged when in or above water. (Stealth+)))
((You have tentacles for arms and can constrict up to eight enemies at once.))


   Skills:
 + Level 3.1 Fighting
 + Level 3.6 Dodging
 + Level 4.2 Stealth
 - Level 3.0 Unarmed Combat
 - Level 2.0 Spellcasting
 - Level 6.0 Transmutations
 + Level 2.8 Ice Magic
 - Level 2.0 Poison Magic


You had 7 spell levels left.
You knew the following spells:

 Your Spells              Type           Power      Damage    Failure   Level
a - Beastly Appendage     Tmut           46%        N/A       7%          1
b - Spider Form           Tmut/Pois      16%        N/A       26%         3

Your spell library contained the following spells:

 Spells                   Type           Power      Damage    Failure   Level
 Wereblood                Tmut           23%        N/A       9%          2
 Passwall                 Tmut/Erth      10%        N/A       21%         2
 Ensorcelled Hibernation  Hex/Ice        12%        N/A       34%         2
 Magic Dart               Conj           4%         1d3       38%         1
 Necrotise                Necr           4%         1d4       38%         1
 Sandblast                Erth           2%         2d4       38%         1
 Summon Small Mammal      Summ           4%         N/A       38%         1
 Searing Ray              Conj           2%         2d4       47%         2
 Ice Form                 Ice/Tmut       17%        N/A       50%         4
 Call Canine Familiar     Summ           1%         N/A       69%         3
 Stone Arrow              Conj/Erth      2%         3d7       69%         3
 Summon Guardian Golem    Hex/Summ       1%         N/A       69%         3
 Swiftness                Air            1%         N/A       69%         3
 Vampiric Draining        Necr           1%         2d6       69%         3
 Fulminant Prism          Conj/Hex       0%         3d6       96%         4
 Agony                    Necr           1%         N/A       100%        5

Inventory:

Hand Weapons
 n - a +0 mace of draining {mace}
   (You took it off an orc on level 3 of the Dungeon)
Armour
 h - a +2 hat (melded)
   (You found it on level 1 of the Dungeon)
Jewellery
 p - a ring of poison resistance (left front leg)
   (You found it on level 3 of the Dungeon)
 r - a +6 ring of dexterity (right front leg)
   (You found it on level 3 of the Dungeon)
Wands
 b - a wand of charming (2)
   (You found it on level 4 of the Dungeon)
 e - a wand of quicksilver (2)
   (You found it on level 3 of the Dungeon)
Scrolls
 c - a scroll of blinking {!r}
 d - a scroll of amnesia
 f - a scroll of immolation {!r!r}
 i - 2 scrolls of brand weapon
 k - a scroll of enchant armour
 o - a scroll of fear
 s - a scroll of enchant weapon
 u - a scroll of magic mapping {unknown}
 v - a scroll of teleportation {@r4}
Potions
 g - a potion of berserk rage {unknown}
 j - 4 potions of attraction {unknown}
 l - 3 potions of curing {@q1}
 m - a potion of brilliance {unknown}
 q - a potion of cancellation {unknown}
 t - a potion of heal wounds {@q2}

Dungeon Overview and Level Annotations

Branches:
Dungeon (5/15) Zot: 23792  Temple (1/1) D:5 Zot: 5762

Altars:
Ashenzari
Cheibriados
Dithmenos
Fedhas
Gozag
Hepliaklqana
Kikubaaqudgha
Makhleb
Nemelex Xobeh
Okawaru
Qazlal
Ru
Sif Muna
Trog
Uskayaw
Vehumet
Wu Jian
Xom
Zin
The Shining One

Shops:
D:4 (

Annotations:
D:4 exclusion: downstairs, Ijyb, Menkaure

##'''#####.#..##
##...## #####..##
##.....###.#.....#
#.......##.......#
#)..)...####....##
#.......###.>...##
#.......##........
####....####......
##s.'....#
#.......
#J########
#......P ##....KK#
##.###.. ######+
#..#... ##......
#....<.. #.......
#....... ##......


You could see a jelly.


Message History

You kill the kobold!
You start resting.
Your transformation is almost over.
Your transformation has ended.
Your +2 hat unmelds from your body.
HP[+1] MP[+1]
Your mp is fully restored (10).
You start resting.
A kobold brigand comes into view.
It is wielding a +0 spear and quivering curare-tipped darts.
HP[+7]
You regained 7 hp, and now have 13/45 hp.
Unknown command.
HP[+1] HP[+1]
You start resting.
HP[+30]
Your hp is fully restored (45).
You now have 248 gold pieces (gained 49).
Items here: (( )))))))).
You now have 251 gold pieces (gained 3).
Things that are here:
a +0 dagger {short}; 4 poisoned darts {throwing} You now have 254 gold pieces (gained 3).
You see here a +0 flail {mace}.
There is an open gate here.
You see here a +0 dagger {short}.
There is an open door here.
A kobold brigand comes into view.
It is wielding a +0 short sword and quivering poisoned darts.
The kobold brigand shouts!
The kobold brigand throws a curare-tipped dart.
The curare-tipped dart closely misses you.
Casting: Spider Form (dangerous; 11% risk of failure)
Confirm with . or Enter, or press ? or * to list all spells.
You turn into a venomous arachnid creature.
Your +2 hat melds into your body.
MP[-3]
You lost 3 mp, and now have 7/10 mp.
The kobold brigand closely misses you.
You hit the kobold brigand.
The kobold brigand is poisoned.
The kobold brigand barely misses you.
You barely miss the kobold brigand. The kobold brigand misses you.
You hit the kobold brigand but do no damage.
The kobold brigand looks as sick as possible!
The kobold brigand hits you with a +0 spear.
HP[-3]
You take 3 damage, and now have 42/45 hp.
You hit the kobold brigand.
The kobold brigand looks as sick as possible!
The kobold brigand hits you with a +0 spear!
HP[-8]
You take 8 damage, and now have 34/45 hp.
You hit the kobold brigand.
The kobold brigand looks as sick as possible!
The kobold brigand barely misses you.
You hit the kobold brigand but do no damage.
The kobold brigand completely misses you.
HP[+1] MP[+1]
You hit the kobold brigand.
The kobold brigand looks as sick as possible!
Your transformation is almost over.
The kobold brigand closely misses you.
You hit the kobold brigand.
You kill the kobold brigand!
A jelly comes into view.
Your Fighting skill increases to level 3!
Your Stealth skill increases to level 4!
You have reached level 8!
HP[+5]
You now have 52 max hp (+7).
You regained 5 hp, and now have 40/52 hp.
You hit the jelly.
Your front legs burn!
The jelly misses you.
HP[-2]
You take 2 damage, and now have 38/52 hp.
You hit the jelly but do no damage.
Your front legs burn!
HP[-4]
You take 4 damage, and now have 34/52 hp.
You hit the jelly.
Your front legs burn!
The jelly closely misses you.
HP[-3]
You take 3 damage, and now have 31/52 hp.
You hit the jelly.
Your front legs burn!
* * * LOW HITPOINT WARNING * * *
The jelly hits you.
* * * LOW HITPOINT WARNING * * *
You are splashed with acid!
* * * LOW HITPOINT WARNING * * *
HP[-16]
You take 16 damage, and now have 15/52 hp.
MASSIVE DAMAGE!! (PAUSE)
You hit the jelly but do no damage.
Your front legs burn!
* * * LOW HITPOINT WARNING * * *
The jelly completely misses you.
HP[-5]
You take 5 damage, and now have 10/52 hp.
You hit the jelly.
Your front legs burn!
* * * LOW HITPOINT WARNING * * *
The jelly hits you.
* * * LOW HITPOINT WARNING * * *
You are splashed with acid!
You die...
Your body crumbles into a pile of gold.

Skill      XL: |  1  2  3  4  5  6  7 |
---------------+----------------------+-----
Transmutations | 3 4 5 6 |  6.0
Poison Magic   | 2 |  2.0
Stealth        | 2 4 |  4.2
Ice Magic      | 1 2 |  2.8
Fighting       | 2 3 |  3.1
Dodging        | 3 |  3.6
Unarmed Combat | |  3.0
Spellcasting   | |  2.0

Action                   |  1- 3 |  4- 6 |  7- 9 || total
-------------------------+-------+-------+-------++-------
Melee: Unarmed           |    84 |   111 |    67 ||   262
       Tentacles         |    18 |    15 |     2 ||    35
       Constrict         |    28 |    21 |     1 ||    50
       Kick              |    30 |    15 |       ||    45
       Punch             |     3 |     3 |       ||     6
       Mace              |       |    31 |       ||    31
 Cast: Beastly Appendage |    22 |    19 |       ||    41
       Spider Form       |       |     7 |     6 ||    13
  Use: Potion            |       |     5 |       ||     5
       Scroll            |       |     9 |       ||     9
 Stab: Sleeping          |     5 |     6 |     1 ||    12
       Distracted        |       |     1 |       ||     1
Armor: Skin              |     6 |    29 |     4 ||    39
Dodge: Dodged            |    47 |    92 |    46 ||   185

Levels and vault maps discovered:
D:1:      ebering_trefoil_3fold, layout_basic, minmay_misc_feat_roman,
          minmay_3d_cube
D:2:      layout_rooms, serial_aquarium, aquarium_bridge_island_small
          [aquarium_subvault_small_water, aquarium_subvault_wall,
          aquarium_subvault_bridge, aquarium_subvault_window,
          aquarium_subvault_wall], aquarium_window_1,
          aquarium_window_corridor_1, aquarium_window_1, aquarium_window_1,
          aquarium_view_2f
D:3:      layout_rooms, wander_ebering_terrifying_dragon_lair
D:4:      minmay_evil_eye, layout_basic, serial_shops, kennysheep_mini,
          chequers_decorated_corner, uniq_menkaure, uniq_ijyb
D:5:      cheibrodos_fertilizer, layout_cave_pools,
          minmay_temple_entry_overgrown, serial_shops, kennysheep_mini_moat
Temple:   nicolae_temple_slightly_damp_pantheon

Notes
Turn   | Place    | Note
-------+----------+-------------------------------------------
     0 | D:1      | zeratav the Octopode Transmuter began the quest for the
                  | Orb.
     0 | D:1      | Reached XP level 1. HP: 13/13 MP: 3/3
     0 | D:1      | magus.rc [v1.9.6]
   271 | D:1      | Reached XP level 2. HP: 14/18 MP: 5/5
   332 | D:1      | You pick up a book of Burglary and begin reading...
   332 | D:1      | You add the spells Passwall, Ensorcelled Hibernation and
                  | Swiftness to your library.
   338 | D:1      | You pick up a book of Necromancy and begin reading...
   338 | D:1      | You add the spells Necrotise, Vampiric Draining and Agony
                  | to your library.
   459 | D:1      | Reached skill level 3 in Transmutations
   722 | D:1      | Reached XP level 3. HP: 23/23 MP: 4/6
  1400 | D:2      | Reached skill level 4 in Transmutations
  1575 | D:2      | Reached XP level 4. HP: 25/28 MP: 5/7
  2435 | D:2      | HP: 4/28 [gnoll/+0 club (5)]
  2458 | D:2      | Reached skill level 5 in Transmutations
  2458 | D:2      | Reached XP level 5. HP: 33/33 MP: 8/8
  2848 | D:3      | You pick up a book of Geomancy and begin reading...
  2848 | D:3      | You add the spells Sandblast and Stone Arrow to your
                  | library.
  2875 | D:3      | HP: 2/33 [worm (10)]
  3169 | D:3      | You pick up a book of Callings and begin reading...
  3169 | D:3      | You add the spells Summon Small Mammal, Call Canine
                  | Familiar and Summon Guardian Golem to your library.
  3707 | D:4      | Noticed Ijyb
  3762 | D:4      | Noticed Menkaure
  4176 | D:4      | Reached skill level 1 in Poison Magic
  4187 | D:4      | Learned a level 3 spell: Spider Form
  4221 | D:4      | Reached skill level 2 in Poison Magic
  4221 | D:4      | Reached XP level 6. HP: 38/38 MP: 5/9
  4280 | D:4      | Found Doerr's Antique Weapon Shop.
  4458 | D:4      | Reached skill level 6 in Transmutations
  4988 | D:5      | Entered Level 5 of the Dungeon
  5001 | D:4      | Reached skill level 1 in Stealth
  5245 | D:5      | You pick up a book of Conjurations {@e2} and begin
                  | reading...
  5245 | D:5      | You add the spells Magic Dart, Searing Ray and Fulminant
                  | Prism to your library.
  5263 | D:5      | Reached skill level 1 in Ice Magic
  5674 | D:5      | Reached skill level 2 in Fighting
  5674 | D:5      | Reached skill level 2 in Stealth
  5674 | D:5      | Reached XP level 7. HP: 45/45 MP: 10/10
  5754 | D:5      | Found a staircase to the Ecumenical Temple.
  5775 | Temple   | Entered the Ecumenical Temple
  6002 | Temple   | Became a worshipper of Gozag Ym Sagoz the Greedy
  6090 | D:5      | Reached skill level 2 in Ice Magic
  6101 | D:5      | Reached skill level 3 in Dodging
  6101 | D:5      | Reached skill level 3 in Stealth
  6105 | D:5      | HP: 10/45 [kobold brigand/+0 club (5)]
  6116 | D:5      | HP: 11/45 [kobold brigand/+0 dagger (1)]
  6122 | D:5      | HP: 4/45 [kobold/+0 dagger (2)]
  6440 | D:5      | Reached skill level 3 in Fighting
  6440 | D:5      | Reached skill level 4 in Stealth
  6440 | D:5      | Reached XP level 8. HP: 40/52 MP: 8/11
  6444 | D:5      | HP: 10/52 [acid (5)]
  6445 | D:5      | Splashed by a jelly's acid

Vanquished Creatures
  An ogre (D:5)
  4 kobold brigands (D:5)
  2 scorpions (D:4)
  3 hounds
  12 gnolls
  3 adders
  A shadow imp (D:5)
  4 worms
  A dart slug (D:4)
  4 orcs
  8 ball pythons
  7 bats
  8 endoplasms
  2 giant cockroaches
  7 goblins
  8 hobgoblins
  6 jackals (D:2)
  13 kobolds
  6 quokkas
  2 frilled lizards
  8 rats
110 creatures vanquished.

Vanquished Creatures (others)
  5 fungi (D:5)
  5 toadstools (D:5)
10 creatures vanquished.

Grand Total: 120 creatures vanquished

Table legend:
 A = Non-vault XP
 B = Vault XP
 C = Vault XP percentage of total XP
 D = Non-vault monster count
 E = Vault monster count
 F = Vault count percentage of total count
                 A         B        C        D         E       F
            +---------+---------+-------+---------+---------+-------
      Total |     677 |     527 |  43.8 |      91 |      19 |  17.3
            +---------+---------+-------+---------+---------+-------
        D:1 |      51 |       8 |  13.6 |      28 |       5 |  15.2
        D:2 |     107 |       0 |   0.0 |      31 |       0 |   0.0
        D:3 |      38 |       1 |   2.6 |       9 |       1 |  10.0
        D:4 |     154 |     107 |  41.0 |      11 |       5 |  31.2
        D:5 |     327 |     411 |  55.7 |      12 |       8 |  40.0
            +---------+---------+-------+---------+---------+-------

Illustrated notes

Table legend:
 A = Kills in this place as a percentage of kills in entire the game.
 B = Kills by you in this place as a percentage of kills by you in the entire game.
 C = Kills by friends in this place as a percentage of kills by friends in the entire game.
 D = Other kills in this place as a percentage of other kills in the entire game.
 E = Experience gained in this place as a percentage of experience gained in the entire game.
 F = Experience gained in this place divided by the number of levels of this place that you have seen.
                   A       B       C       D       E      F
               +-------+-------+-------+-------+-------+----------------------
         Total | 100.0 | 100.0 |   N/A |   N/A | 100.0 | 200.7
       Dungeon | 100.0 | 100.0 |   N/A |   N/A | 100.0 | 240.8
               +-------+-------+-------+-------+-------+----------------------

Table legend: (Time is in decaauts)
 A = Elapsed time spent in this place.
 B = Non-inter-level travel time spent in this place.
 C = Inter-level travel time spent in this place.
 D = Time resting spent in this place.
 E = Time spent auto-exploring this place.
 F = Levels seen in this place.
 G = Mean time per level.
                   A        B        C        D        E       F      G
               +--------+--------+--------+--------+--------+-----+--------+
         Total |   6444 |   6130 |    314 |   1553 |   3587 |   6 | 1074.0 |
       Dungeon |   6206 |   5924 |    282 |   1553 |   3403 |   5 | 1241.2 |
        Temple |    237 |    205 |     32 |      0 |    184 |   1 |  237.0 |
               +--------+--------+--------+--------+--------+-----+--------+

Top non-repeatable levels by time:
     D:4: 1566 daAuts
     D:2: 1438 daAuts
     D:1: 1373 daAuts
     D:5: 968 daAuts
     D:3: 860 daAuts
  Temple: 237 daAuts
